 Dungeon Crawl Stone Soup version 0.29-a0-82-g837932c90e (webtiles) character file.

Game seed: 4854858085525746701

59 GrayStillPlays the Shield-Bearer (level 3, 0/33 HPs)
             Began as a Minotaur Fighter on Feb 4, 2022.
             Killed from afar by an orc wizard (5 damage)
             ... with a puff of flame
             ... on level 2 of the Dungeon.
             The game lasted 00:02:13 (902 turns).

GrayStillPlays the Shield-Bearer (Minotaur Fighter)  Turns: 902, Time: 00:02:14

Health: 0/33       AC:  7    Str: 22    XL:     3   Next: 78%
Magic:  2/2        EV:  9    Int: 11    God:
Gold:   46         SH:  4    Dex:  9    Spells: 2/2 levels left

rFire   . . .      SeeInvis .   a - +0 war axe {axe}
rCold   . . .      Faith    .   c - +0 buckler
rNeg    . . .      Spirit   .   b - +0 scale mail
rPois   .          Reflect  .   (helmet restricted)
rElec   .          Harm     .   (no cloak)
rCorr   .          Rampage  .   (no gloves)
Will    .....                   (no boots)
Stlth   ..........              (no amulet)
HPRegen 0.11/turn               h - +6 ring of intelligence
MPRegen 0.08/turn               (no ring)

@: no status effects
A: horns 2, retaliatory headbutt
a: no special abilities


You were on level 2 of the Dungeon.
You visited 1 branch of the dungeon, and saw 2 of its levels.

You collected 46 gold pieces.


Innate Abilities, Weirdness & Mutations

You have a pair of horns on your head.
You reflexively headbutt those who attack you in melee.


   Skills:
 + Level 4.2 Fighting
 + Level 3.2 Axes
 + Level 4.2 Armour
 + Level 4.3 Shields


You had 2 spell levels left.
You didn't know any spells.
Your spell library contained the following spells:

 Spells                   Type           Power      Damage    Failure   Level
 Animate Skeleton         Necr           0%         N/A       75%         1
 Apportation              Tloc           0%         N/A       75%         1
 Summon Small Mammal      Summ           0%         N/A       75%         1

Inventory:

Hand Weapons
 a - a +0 war axe (weapon) {axe}
 m - a +1 dagger of venom {short}
   (You took it off a goblin on level 2 of the Dungeon)
Missiles
 e - 34 arrows
 k - 38 bolts
 l - 18 stones (quivered) {throwing}
Armour
 b - a +0 scale mail (worn)
 c - a +0 buckler (worn)
Jewellery
 h - a +6 ring of intelligence (left hand)
   (You found it on level 1 of the Dungeon)
Scrolls
 f - 3 scrolls of identify {unknown}
 i - a scroll of enchant weapon {unknown}
 j - 2 scrolls of magic mapping {unknown}
Potions
 d - a potion of might
 g - a potion of flight {unknown}

Dungeon Overview and Level Annotations

Branches:
Dungeon (2/15)

Altars:

.#+##.#.######....#########.#
............8.8.8............
.#+##.#.#.##..._.......o..#.#
....<...#.##8...8.8.####.##
......###.###....##o# ..
..........###.8.8##.# ##
.....#######<.#####o# ####..
##....###.# ...'...
+.....@.#.# ####...
##.#.....{# ####....
###......# ......... #...#..#
......... #...##.# #.
.......# #...##.## #.#
.......# #...##..###.######
.......# #...###..........#
.......## #...###..##.####)#


There were no monsters in sight!


Message History

An endoplasm is nearby!
An endoplasm is nearby!
You hit the endoplasm. You headbutt the endoplasm. The endoplasm hits you.
You block the endoplasm's attack. 😕 HP[-1]
You take 1 damage, and now have 32/33 hp.
You hit the endoplasm.
You kill the endoplasm!
An orc wizard comes into view. It is wielding a +0 dagger.
The orc wizard shouts!
You hear a shout! x2
An orc comes into view. It is wielding a +0 club. 😎 HP[+1]
Your hp is fully restored (33).
An orc and an orc wizard come into view.
The orc wizard is wielding a +1 dagger of holy wrath.
The orc shouts!
The orc wizard shouts!
An orc wizard comes into view. It is wielding a +0 dagger.
The orc wizard gestures at you while chanting.
You are confused.
The orc wizard shouts!
You bump into the rock wall.
The orc wizard mumbles some strange words.
The orc wizard flickers and vanishes!
Deactivating autopickup; reactivate with Ctrl-A.
You're too confused to move!
You're too confused to move!
The orc misses you.
The orc wizard casts a spell.
The orc wizard flickers and vanishes!
You're too confused to move!
You feel less confused. Something hits you but does no damage.
You block the orc's attack.
The orc wizard gestures at you while chanting.
You hear some strange, mumbled words.
Something tries to affect you, but you resist.
You hit the orc. Your headbutt misses the orc.
The orc hits you but does no damage.
You closely miss the orc. The orc hits you but does no damage.
You barely miss the orc. You headbutt the orc.
You kill the orc!
The orc wizard points at you and mumbles some strange words.
The puff of flame hits something!
You slash something!
Reactivating autopickup.
You feel a bit more experienced.
You hear some strange, mumbled words.
A puff of flame appears from out of thin air!
Deactivating autopickup; reactivate with Ctrl-A.
The puff of flame misses you.
You hit something.
You hear some strange, mumbled words.
You are confused.
You completely miss something.
You hear some strange, mumbled words.
You are more confused.
You bump into the rock wall.
You hear some strange, mumbled words.
A magic dart appears from out of thin air!
The magic dart hits you! 😕 HP[-8]
You take 8 damage, and now have 25/33 hp.
MASSIVE DAMAGE!! (PAUSE)
You miss something. Something hits you but does no damage.
You hear some strange, mumbled words.
A puff of flame appears from out of thin air!
The puff of flame hits you! 😮 HP[-8]
You take 8 damage, and now have 17/33 hp.
MASSIVE DAMAGE!! (PAUSE)
You bump into the rock wall.
Something hits you but does no damage. 😮 HP[+1]
You completely miss something. Your headbutt misses something.
Something hits you.
* * * LOW HITPOINT WARNING * * *
😨 HP[-3]
You take 3 damage, and now have 15/33 hp.
You miss something. Something hits you.
* * * LOW HITPOINT WARNING * * *
Something hits you but does no damage. 😨 HP[-2]
You take 2 damage, and now have 13/33 hp.
You bump into the rock wall.
You hear some strange, mumbled words.
Something tries to affect you, but you resist.
A magic dart appears from out of thin air!
The magic dart hits you!
* * * LOW HITPOINT WARNING * * *
😱 HP[-9]
You take 9 damage, and now have 4/33 hp.
MASSIVE DAMAGE!! (PAUSE)
Something hits you but does no damage.
You bump into the rock wall.
Something hits you but does no damage.
Unknown command.
You feel less confused.
The orc wizard gestures at you while chanting.
The puff of flame hits something! 😱 HP[+1]
A puff of flame appears from out of thin air!
The puff of flame hits you.
You die...

Skill      XL: |  1  2 |
---------------+-------+-----
Shields        | 4 |  4.3
Fighting       | 4 |  4.2
Axes           | 3 |  3.2
Armour         | 4 |  4.2

Action                   || total
-------------------------++-------
Melee: War axe           ||    56
       Headbutt          ||    11
Armor: Scale mail        ||    29
Dodge: Dodged            ||    31
Block: Buckler           ||    15

Levels and vault maps discovered:
D:1:      lemuel_arrival_rhombus, layout_basic, columned_hall_lemuel
D:2:      layout_basic, ebering_ecumenical_altar_ruins

Notes
Turn   | Place    | Note
-------+----------+-------------------------------------------
     0 | D:1      | GrayStillPlays the Minotaur Fighter began the quest for the
                  | Orb.
     0 | D:1      | Reached XP level 1. HP: 19/19 MP: 0/0
     0 | D:1      | magus.rc [v1.9.6]
   112 | D:1      | Reached XP level 2. HP: 27/27 MP: 1/1
   312 | D:1      | Reached skill level 4 in Shields
   470 | D:2      | Found a faded altar of an unknown god.
   484 | D:2      | Reached skill level 4 in Fighting
   484 | D:2      | Reached skill level 3 in Axes
   484 | D:2      | Reached skill level 4 in Armour
   484 | D:2      | Reached XP level 3. HP: 33/33 MP: 2/2
   756 | D:2      | You pick up a book of Cantrips and begin reading...
   756 | D:2      | You add the spells Animate Skeleton, Summon Small Mammal
                  | and Apportation to your library.
   896 | D:2      | HP: 4/33 [something/magic dart (9)]
   902 | D:2      | Killed from afar by an orc wizard

Vanquished Creatures
  An orc wizard (D:2)
  2 adders (D:2)
  A dart slug (D:1)
  An orc (D:2)
  3 bats
  3 endoplasms
  A giant cockroach (D:1)
  3 goblins
  A hobgoblin (D:1)
  4 jackals (D:1)
  3 ball pythons (D:1)
  2 frilled lizards (D:1)
  A kobold (D:1)
26 creatures vanquished.

Table legend:
 A = Non-vault XP
 B = Vault XP
 C = Vault XP percentage of total XP
 D = Non-vault monster count
 E = Vault monster count
 F = Vault count percentage of total count
                 A         B        C        D         E       F
            +---------+---------+-------+---------+---------+-------
      Total |      85 |       0 |   0.0 |      26 |       0 |   0.0
            +---------+---------+-------+---------+---------+-------
        D:1 |      29 |       0 |   0.0 |      16 |       0 |   0.0
        D:2 |      56 |       0 |   0.0 |      10 |       0 |   0.0
            +---------+---------+-------+---------+---------+-------

Illustrated notes

Table legend:
 A = Kills in this place as a percentage of kills in entire the game.
 B = Kills by you in this place as a percentage of kills by you in the entire game.
 C = Kills by friends in this place as a percentage of kills by friends in the entire game.
 D = Other kills in this place as a percentage of other kills in the entire game.
 E = Experience gained in this place as a percentage of experience gained in the entire game.
 F = Experience gained in this place divided by the number of levels of this place that you have seen.
                   A       B       C       D       E      F
               +-------+-------+-------+-------+-------+----------------------
         Total | 100.0 | 100.0 |   N/A |   N/A | 100.0 |  42.5
       Dungeon | 100.0 | 100.0 |   N/A |   N/A | 100.0 |  42.5
               +-------+-------+-------+-------+-------+----------------------

Table legend: (Time is in decaauts)
 A = Elapsed time spent in this place.
 B = Non-inter-level travel time spent in this place.
 C = Inter-level travel time spent in this place.
 D = Time resting spent in this place.
 E = Time spent auto-exploring this place.
 F = Levels seen in this place.
 G = Mean time per level.
                   A        B        C        D        E       F      G
               +--------+--------+--------+--------+--------+-----+--------+
         Total |    924 |    924 |      0 |      0 |    667 |   2 |  462.0 |
       Dungeon |    924 |    924 |      0 |      0 |    667 |   2 |  462.0 |
               +--------+--------+--------+--------+--------+-----+--------+

Top non-repeatable levels by time:
     D:1: 483 daAuts
     D:2: 441 daAuts
